 Dungeon Crawl Stone Soup version 0.28-a0-1518-gbe868bca14 (webtiles) character file.

Game seed: 3621500577032512383

127 leviel the Skirmisher (level 5, -1/47 HPs)
             Began as a Hill Orc Fighter on Jan 16, 2022.
             Killed from afar by an orc wizard (4 damage)
             ... with a magic dart
             ... on level 3 of the Dungeon.
             The game lasted 00:03:13 (3048 turns).

leviel the Skirmisher (Hill Orc Fighter)            Turns: 3048, Time: 00:03:13

Health: -1/47      AC:  7    Str: 27    XL:     5   Next: 11%
Magic:  5/5        EV:  9    Int:  8    God:
Gold:   270        SH:  4    Dex: 10    Spells: 4/4 levels left

rFire   . . .      SeeInvis .   a - +0 war axe
rCold   . . .      Faith    .   c - +0 buckler
rNeg    . . .      Spirit   .   b - +0 scale mail
rPois   .          Reflect  .   (no helmet)
rElec   .          Harm     .   (no cloak)
rCorr   .          Rampage  .   (no gloves)
Will    .....                   (no boots)
Stlth   ..........              (no amulet)
HPRegen 0.15/turn               g - +6 ring of strength
MPRegen 0.09/turn               (no ring)

@: no status effects
A: no striking features
a: Convert to Beogh


You were on level 3 of the Dungeon.
You visited 1 branch of the dungeon, and saw 3 of its levels.

You collected 281 gold pieces.
You spent 11 gold pieces at shops.

Inventory:

Hand Weapons
 a - a +0 war axe (weapon)
Missiles
 i - 6 curare-tipped darts (quivered)
Armour
 b - a +0 scale mail (worn)
 c - a +0 buckler (worn)
Jewellery
 g - a +6 ring of strength (left hand)
 o - a ring of protection from fire
 p - a +4 ring of protection
Scrolls
 e - a scroll of fear {unknown}
 f - 2 scrolls of silence {unknown}
 j - a scroll of noise {unknown}
 l - a scroll of identify {unknown}
 m - a scroll of holy word {unknown}
Potions
 d - a potion of might
 h - a potion of lignification {unknown}
 k - a potion of curing
 n - a potion of mutation {unknown}


   Skills:
 + Level 4.5 Fighting
 + Level 4.0 Axes
 + Level 0.6 Throwing
 + Level 4.1 Armour
 + Level 4.1 Shields


You had 4 spell levels left.
You didn't know any spells.
Your spell library contained the following spells:

 Spells                   Type           Power      Damage    Failure   Level
 Foxfire                  Conj/Fire      0%         2x1d4     77%         1
 Conjure Flame            Conj/Fire      0%         6-21      98%         3
 Inner Flame              Hex/Fire       0%         N/A       98%         3
 Flame Wave               Conj/Fire      0%         2d4       100%        4


Dungeon Overview and Level Annotations

Branches:
Dungeon (3/15)

Altars:

Shops:
D:1 !


Message History

The orc priest hits you with a +1 hand axe of electrocution.
The orc closely misses you. You block the orc priest's attack.
You barely miss the orc priest. You closely miss the orc.
You miss the frilled lizard.
An orc wizard comes into view.
It is wielding a +2 dagger of protection.
The orc closely misses you. The orc priest completely misses you.
You block the frilled lizard's attack.
The orc wizard shouts!
You hit the orc priest.
The orc priest is lightly wounded.
You closely miss the frilled lizard. You closely miss the orc.
You block the orc's attack.
The orc priest hits you but does no damage.
The frilled lizard bites you but does no damage.
The orc wizard gestures wildly while chanting.
The orc wizard flickers and vanishes!
Deactivating autopickup; reactivate with Ctrl-A.
You slash the orc priest!
The orc priest is almost dead.
You hit the frilled lizard.
You kill the frilled lizard!
You slash the orc!
You kill the orc!
Your Axes skill increases to level 4!
Something hits you but does no damage. You block the orc priest's attack.
You closely miss the orc priest.
The orc priest is almost dead.
You barely miss something. Something hits you but does no damage.
The orc priest invokes the aid of Beogh against you.
Beogh smites you!
You barely miss the orc priest.
The orc priest is almost dead.
You miss something. Something hits you.
The orc priest calls down the wrath of Beogh upon you.
Beogh smites you!
* * * LOW HITPOINT WARNING * * *
You hear some strange, mumbled words.
A magic dart appears from out of thin air!
The magic dart hits you.
You die...

#..# #.#.# #.# .. #..#
#.#.###.# ..
.######..###.#.##..####
..............#.#.......
..##............#.......
..........##†...'.......
.......)..##..#.#.......
.......#..##..#.##..####
......{@o...............
.......####...#.##..####
....... #...#.........
....... ..........####
.###.#. ##.#.#.........
.... .........### .. ..
............ #.. ..
#.####.#.### #.####.#.#


You could see an orc priest.

Vanquished Creatures
  5 adders (D:2)
  3 dart slugs
  2 orcs (D:3)
  5 ball pythons
  7 endoplasms
  3 giant cockroaches
  8 hobgoblins
  2 jackals (D:1)
  2 quokkas
  12 bats
  2 frilled lizards (D:3)
  10 goblins
  4 kobolds
  5 rats
70 creatures vanquished.

Vanquished Creatures (others)
  8 toadstools (D:1)
8 creatures vanquished.

Grand Total: 78 creatures vanquished

Notes
Turn   | Place    | Note
-------+----------+-------------------------------------------
     0 | D:1      | leviel the Hill Orc Fighter began the quest for the Orb.
     0 | D:1      | Reached XP level 1. HP: 19/19 MP: 1/1
   217 | D:1      | Reached XP level 2. HP: 19/27 MP: 2/2
   498 | D:1      | Reached XP level 3. HP: 33/33 MP: 3/3
   872 | D:1      | Found Ebyux's Distillery.
   892 | D:1      | Bought a potion of degeneration for 11 gold pieces
  1660 | D:2      | Reached XP level 4. HP: 40/40 MP: 4/4
  1780 | D:2      | Found a faded altar of an unknown god.
  2187 | D:2      | Reached XP level 5. HP: 22/47 MP: 5/5
  3048 | D:3      | Killed from afar by an orc wizard

Illustrated notes

Levels and vault maps discovered:
D:1:      ldierk_walled_garden, layout_loops_corners, serial_shops,
          nicolae_square_shop, minmay_gold_behind_fungi, kennysheep_minor_cross,
          minmay_nonomino_d4
D:2:      layout_basic, basic_ecumenical_altar, chequers_decorated_corner,
          grunt_ministairs_2, minivault_24
D:3:      layout_basic

Skill      XL: |  1  2  3  4  5 |
---------------+----------------+-----
Axes           | 3 4 |  4.0
Fighting       | 4 |  4.5
Shields        | 4 |  4.1
Armour         | 4 |  4.1
Throwing       | |  0.6

Action                   |  1- 3 |  4- 6 || total
-------------------------+-------+-------++-------
Melee: War axe           |   124 |    79 ||   203
  Use: Potion            |     2 |       ||     2
       Scroll            |     1 |       ||     1
Armor: Scale mail        |    85 |    33 ||   118
Dodge: Dodged            |    74 |    43 ||   117
Block: Buckler           |    36 |    18 ||    54

Table legend: (Time is in decaauts)
 A = Elapsed time spent in this place.
 B = Non-inter-level travel time spent in this place.
 C = Inter-level travel time spent in this place.
 D = Time resting spent in this place.
 E = Time spent auto-exploring this place.
 F = Levels seen in this place.
 G = Mean time per level.
                   A        B        C        D        E       F      G
               +--------+--------+--------+--------+--------+-----+--------+
         Total |   3122 |   3067 |     55 |      0 |   2546 |   3 | 1040.7 |
       Dungeon |   3122 |   3067 |     55 |      0 |   2546 |   3 | 1040.7 |
               +--------+--------+--------+--------+--------+-----+--------+

Top non-repeatable levels by time:
     D:1: 1571 daAuts
     D:2: 1264 daAuts
     D:3: 287 daAuts
